 Dungeon Crawl Stone Soup version 0.23.2-1-ga50397a (webtiles) character file.

Game seed: 14762583614014368977

23 troglodite the Firebug (level 2, -9/20 HPs)
             Began as a Draconian Fire Elementalist on May 15, 2019.
             Mangled by Terence
             ... wielding a +2 trident of protection
              (10 damage)
             ... on level 2 of the Dungeon.
             The game lasted 00:04:15 (1210 turns).

troglodite the Firebug (DrFE)                       Turns: 1210, Time: 00:04:15

Health: -9/20      AC:  5    Str: 10    XL:     2   Next: 75%
Magic:  3/5        EV: 12    Int: 15    God:
Gold:   39         SH:  0    Dex: 11    Spells: 2/5 levels left

rFire    . . .     SeeInvis .   g - +0 dagger
rCold    . . .     Gourm    .   (no shield)
rNeg     . . .     Faith    .   (armour unavailable)
rPois    .         Spirit   .   j - +0 hat
rElec    .         Reflect  .   e - +0 cloak
rCorr    .         Harm     .   (no gloves)
MR       .....                  (no boots)
Stlth    +++.......             (no amulet)
HPRegen  0.06/turn              m - ring of stealth
MPRegen  0.09/turn              (no ring)

@: no status effects
A: unfitting armour, cold-blooded, AC +4
a: no special abilities


You were on level 2 of the Dungeon.
You were hungry.

You visited 1 branch of the dungeon, and saw 2 of its levels.

You collected 39 gold pieces.

Inventory:

Hand Weapons
 g - a +0 dagger (weapon)
Missiles
 i - a tomahawk (quivered)
Armour
 e - a +0 cloak (worn)
 j - a +0 hat (worn)
Jewellery
 c - an uncursed ring of ice
 m - a ring of stealth (left hand)
Scrolls
 a - 3 scrolls of teleportation {unknown}
 d - 2 scrolls of remove curse {unknown}
 l - a scroll of blinking {unknown}
Potions
 h - 2 potions of haste {unknown}
 k - 2 potions of degeneration {unknown}
Comestibles
 b - 3 rations
 f - a chunk of flesh


   Skills:
 + Level 0.2 Short Blades
 * Level 1.8 Dodging
 + Level 1.8 Stealth
 * Level 2.0 Spellcasting
 * Level 1.4 Conjurations
 * Level 3.6 Fire Magic


You had 2 spell levels left.
You knew the following spells:

 Your Spells              Type           Power        Failure   Level  Hunger
a - Flame Tongue          Conj/Fire      #....        8%          1    #......
b - Throw Flame           Conj/Fire      #.....       12%         2    ###....

Your spell library contained the following spells:

 Spells                   Type           Power        Failure   Level  Hunger
 Conjure Flame            Conj/Fire      #.......     22%         3    ###....
 Inner Flame              Hex/Fire       #.......     30%         3    ###....
 Sticky Flame             Conj/Fire      #.......     58%         4    #####..
 Fireball                 Conj/Fire      #.........   91%         5    ######.


Dungeon Overview and Level Annotations

Branches:
Dungeon (2/15)

Altars:
Cheibriados

Annotations:
D:2 Terence


Innate Abilities, Weirdness & Mutations

Your plain brown scales are hard. (AC +4)
You cannot fit into any form of body armour.
You are cold-blooded and may be slowed by cold attacks.


Message History

The giant cockroach barely misses you. Terence barely misses you.
You hit Terence but do no damage.
You tail-slap Terence, but do no damage.
Terence is lightly wounded.
The giant cockroach bites you but does no damage.
Terence hits you but does no damage.
You hit Terence but do no damage.
You tail-slap Terence, but do no damage.
Terence is lightly wounded.
The giant cockroach barely misses you.
Terence hits you with a +2 trident of protection.
* * * LOW HITPOINT WARNING * * *
The giant cockroach waves its antennae.
The giant cockroach closely misses you.
You hit Terence but do no damage.
Terence is lightly wounded.
The giant cockroach bites you but does no damage.
Terence hits you with a +2 trident of protection!
Ouch! That really hurt!
You die...

.###....#...รท..####
#....#....#.#
###.........#.# ##
.#......#....#.# ..
........#.#..... ..
.#.###..#......## #.
#.# #..###..###
.###..#!###.......#
......@@.....###.##
.###..s...##.# ..
#..######.#
#..######.#
#.........#
##.########


You could see Terence and a giant cockroach.

Vanquished Creatures
  2 dart slugs (D:1)
  A ball python (D:1)
  4 bats (D:1)
  A giant cockroach (D:1)
  A goblin (D:1)
  2 hobgoblins (D:1)
  A quokka (D:2)
  2 frilled lizards (D:1)
  5 kobolds (D:1)
  A rat (D:2)
20 creatures vanquished.

Notes
Turn   | Place    | Note
-------+----------+-------------------------------------------
     0 | D:1      | troglodite the Draconian Fire Elementalist began the quest
                  | for the Orb.
     0 | D:1      | Reached XP level 1. HP: 14/14 MP: 3/3
   167 | D:1      | Reached XP level 2. HP: 18/20 MP: 5/5
   333 | D:1      | Learned a level 2 spell: Throw Flame
  1112 | D:2      | Found a snail-covered altar of Cheibriados.
  1190 | D:2      | Noticed Terence
  1209 | D:2      | HP: 1/20 [Terence/+2 trident of protection (3)]
  1210 | D:2      | Mangled by Terence

Action                   || total
-------------------------++-------
Melee: Unarmed           ||    14
       Tailslap          ||     9
       Dagger            ||    53
Throw: Tomahawk          ||    14
 Cast: Flame Tongue      ||     3
 Stab: Sleeping          ||     1
Armor: Skin              ||    25
Dodge: Dodged            ||    58
